MapleLeafs vs Bruins

Created - 6 novembre 2017 at 21:06

Goals
1 2 3 T
MapleLeafs 2 1 1 4
Bruins 1 0 0 1
Shots
1 2 3 T
MapleLeafs 11 11 14 36
Bruins 8 6 5 19

1st period

1. MapleLeafs , Milan Lucic 3 (Karl Alzner 4) at 0:36
2. Bruins , Kevin Fiala 3 (P.K. Subban 6) at 2:18
3. MapleLeafs , Brandon Montour 1 (Marek Hrivik 4, Mikael Backlund 6) at 17:10

Penalties :
Patrice Bergeron (BOS) for Roughing (Minor) at 3:24, Brent Seabrook (TOR) for Hooking (Minor) at 7:39, Jake Muzzin (BOS) for Holding (Minor) at 14:39

2nd period

4. MapleLeafs , Marek Hrivik 3 (Mikael Backlund 7, Reilly Smith 8) at 5:18

Penalties :
Jake Muzzin (BOS) for Slashing (Minor) at 3:15, Adam Erne (TOR) for Interference (Minor) at 9:09, Andrew Ladd (BOS) for Hooking (Minor) at 18:17

3rd period

5. MapleLeafs , Beau Bennett 2 (Marc Methot 6, Nazem Kadri 4) at 11:19 (PP)

Penalties :
Leon Draisaitl (BOS) for Tripping (Minor) at 2:30, Jake Muzzin (BOS) for Interference (Minor) at 10:01, Patrice Bergeron (BOS) for Hooking (Minor) at 12:03

Goalie Stats

Corey Crawford (TOR), 18 saves from 19 shots - (0.947), W, 6-7-0, 60:00 minutes
Charlie Lindgren (BOS), 32 saves from 36 shots - (0.889), L, 4-7-0, 60:00 minutes

Players Stats for MapleLeafs

Player Name              G  A  P  +/- PIM S  H  SB GA TA FO     MP     PP MP  PK MP  
------------------------------------------------------------------------------------
Adam Erne                0  0  0  -1  2   0  0  0  0  0  1/1     2:47   0:00   0:00 
Beau Bennett             1  0  1   0  0   3  0  0  0  0  0/1    19:31   5:13   0:00 
Brandon Montour          1  0  1   2  0   3  1  0  0  0  0/0    13:39   0:00   0:35 
Brent Seabrook           0  0  0   0  2   1  2  1  0  0  0/0    23:29   7:33   0:44 
David Krejci             0  0  0   1  0   4  0  0  0  0  9/23   21:24   7:14   2:16 
Dmitry Kulikov           0  0  0   0  0   0  1  2  0  0  0/0    21:47   5:39   1:35 
Karl Alzner              0  1  1   0  0   4  1  2  0  0  0/0    24:17   7:08   1:56 
Marc Methot              0  1  1   0  0   2  1  0  0  0  0/0    22:45   5:39   2:33 
Marek Hrivik             1  1  2   2  0   1  0  0  0  0  0/1    13:50   0:00   0:00 
Mikael Backlund          0  2  2   2  0   2  0  0  0  0  8/21   15:17   0:00   1:27 
Milan Lucic              1  0  1   1  0   3  2  0  0  0  0/2    19:08   7:14   0:00 
Nazem Kadri              0  1  1   0  0   4  2  0  0  0  6/25   21:43   5:58   1:27 
Reilly Smith             0  1  1   0  0   2  0  0  0  0  0/0    20:16   5:58   0:00 
Sam Henley               0  0  0   0  0   0  0  0  0  0  0/0     0:46   0:45   0:00 
Scott Laughton           0  0  0  -1  0   1  0  0  0  0  0/3     3:23   0:00   0:35 
T.J. Oshie               0  0  0   0  0   6  3  1  0  0  5/10   24:06   7:14   2:11 
Tanner Glass             0  0  0   2  0   0  3  0  0  0  0/0    13:50   0:00   0:00 
Zach Bogosian            0  0  0   2  0   0  2  2  0  0  0/0    14:02   0:25   0:33 

Players Stats for Bruins

Player Name              G  A  P  +/- PIM S  H  SB GA TA FO     MP     PP MP  PK MP  
------------------------------------------------------------------------------------
Andrew Ladd              0  0  0  -1  2   2  2  0  0  0  0/2    15:44   2:41   0:00 
Brendan Gallagher        0  0  0   0  0   2  0  0  0  0  1/1    14:37   1:17   0:00 
Carl Soderberg           0  0  0  -1  0   0  0  0  0  0  11/16   8:12   0:00   2:27 
Connor Brown             0  0  0   0  0   2  2  0  0  0  1/1    10:41   0:00   0:00 
Corey Perry              0  0  0  -1  0   2  2  0  0  0  2/4    19:11   2:41   3:26 
Jake Guentzel            0  0  0   0  0   0  0  0  0  0  0/0    12:22   0:00   1:41 
Jake Muzzin              0  0  0  -1  6   1  1  1  0  0  0/0    17:59   1:50   3:36 
Kevin Fiala              1  0  1  -1  0   2  0  0  0  0  0/0     5:59   0:00   0:14 
Leon Draisaitl           0  0  0  -1  2   1  0  0  0  0  11/17  22:11   1:17   7:51 
Mark Streit              0  0  0   0  0   0  1  0  0  0  0/0    12:39   0:00   0:10 
Melker Karlsson          0  0  0  -1  0   0  0  0  0  0  0/0     5:45   0:00   0:00 
Noah Hanifin             0  0  0   0  0   1  3  2  0  0  0/0    15:29   0:00   3:00 
P.K. Subban              0  1  1  -1  0   2  0  4  0  0  0/0    26:19   2:08   6:26 
Patrice Bergeron         0  0  0   0  4   2  2  2  0  0  24/35  22:50   2:41   6:51 
Ryan Spooner             0  0  0   0  0   0  1  0  0  0  1/1    14:37   1:17   0:00 
Shea Weber               0  0  0  -1  0   0  0  2  0  0  0/0    26:19   2:08   6:26 
Tomas Plekanec           0  0  0   0  0   1  1  1  0  0  7/10   14:35   0:00   3:54 
Torey Krug               0  0  0  -1  0   1  2  0  0  0  0/0    21:12   1:50   6:46 

3 Stars

1 - Marek Hrivik (TOR)
2 - Brandon Montour (TOR)
3 - Milan Lucic (TOR)

Power Play

MapleLeafs - 1 on 7 Attempt(s) - 14.29%
Bruins - 0 on 2 Attempt(s) - 0.00%

Penalty Kill

MapleLeafs - 2 on 2 Attempt(s) - 100.00% - Score 0 goal in Penalty Kill
Bruins - 6 on 7 Attempt(s) - 85.71% - Score 0 goal in Penalty Kill

Team Stat

MapleLeafs - Hits : 18 - Faceoff Wins : 29 - Blocked Shots : 8 - Penalty Minutes : 4
Bruins - Hits : 17 - Faceoff Wins : 58 - Blocked Shots : 12 - Penalty Minutes : 14

Official

Referees : Gord Dwyer and Jean Hebert
Linesman : Tony Sericolo and Jay Sharrers

Game Notes

No Game Note

Finance

Level 1 -- Attendance: 6300 (96.92%) -- Ticket Income 693 000 $
Level 2 -- Attendance: 5000 (100.00%) -- Ticket Income 375 000 $
Level 3 -- Attendance: 3049 (87.11%) -- Ticket Income 170 744 $
Level 4 -- Attendance: 1565 (100.00%) -- Ticket Income 62 600 $
Luxury Box -- Attendance: 1000 (100.00%) -- Ticket Income 199 000 $
Game was played at the TD Garden.
Total Attendance: 16914 (96.29%)
Total Ticket Income: 1 500 344 $
Other Income: 225 052 $
Total Income: 1 725 396 $

% Time on Ice - MapleLeafs

Lines # - Real PCT - Wanted PCT - Time Play
Normal Forward
1 - 28% - 35% - 11:54
2 - 33% - 32% - 14:18
3 - 32% - 20% - 13:50
4 - 7% - 13% - 2:48
Normal Defense
1 - 36% - 40% - 15:13
2 - 34% - 38% - 14:33
3 - 31% - 22% - 13:04
4 - 0% - 0% - 0:00
PP Forward
1 - 55% - 55% - 7:14
2 - 45% - 45% - 5:58
PP Defense
1 - 57% - 60% - 7:33
2 - 43% - 40% - 5:39
PK Forward
1 - 63% - 60% - 2:31
2 - 37% - 40% - 1:27
PK Defense
1 - 63% - 60% - 2:29
2 - 37% - 40% - 1:29
PK3 Forward
1 - 0% - 60%
2 - 0% - 40%
PK3 Defense
1 - 0% - 60%
2 - 0% - 40%
44 Forward
1 - 0% - 60%
2 - 0% - 40%
44 Defense
1 - 0% - 60%
2 - 0% - 40%
Last Minute Offensive  - 0:00
Last Minute Defensive  - 0:00
Total
Forward - 60:00
Defense - 60:00

% Time on Ice - Bruins

Lines # - Real PCT - Wanted PCT - Time Play
Normal Forward
1 - 31% - 40% - 13:04
2 - 31% - 30% - 13:20
3 - 25% - 20% - 10:41
4 - 13% - 10% - 5:45
Normal Defense
1 - 40% - 40% - 17:06
2 - 29% - 30% - 12:36
3 - 29% - 20% - 12:29
4 - 2% - 10% - 0:39
PP Forward
1 - 68% - 60% - 2:41
2 - 32% - 40% - 1:17
PP Defense
1 - 54% - 60% - 2:08
2 - 46% - 40% - 1:50
PK Forward
1 - 74% - 60% - 9:46
2 - 26% - 40% - 3:26
PK Defense
1 - 49% - 60% - 6:26
2 - 51% - 40% - 6:46
PK3 Forward
1 - 0% - 60%
2 - 0% - 40%
PK3 Defense
1 - 0% - 60%
2 - 0% - 40%
44 Forward
1 - 0% - 60%
2 - 0% - 40%
44 Defense
1 - 0% - 60%
2 - 0% - 40%
Last Minute Offensive  - 0:00
Last Minute Defensive  - 0:00
Total
Forward - 60:00
Defense - 60:00

Play by Play

1st period


0:01 of 1st period - David Krejci wins face-off versus Leon Draisaitl in neutral zone.
0:26 of 1st period - Shot by David Krejci.
0:26 of 1st period - Stopped by Charlie Lindgren with a rebound.
0:36 of 1st period - Shot by Milan Lucic.
0:36 of 1st period - Goal by Milan Lucic - MapleLeafs : 1 - Bruins : 0.
0:37 of 1st period - Patrice Bergeron wins face-off versus Nazem Kadri in neutral zone.
1:05 of 1st period - Reilly Smith is hit by Torey Krug and loses puck.
1:24 of 1st period - Icing by Nazem Kadri.
1:25 of 1st period - Tomas Plekanec wins face-off versus Nazem Kadri in MapleLeafs zone.
1:39 of 1st period - Off-side.
1:40 of 1st period - Carl Soderberg wins face-off versus Mikael Backlund in neutral zone.
1:42 of 1st period - Off-side.
1:43 of 1st period - Carl Soderberg wins face-off versus Mikael Backlund in neutral zone.
1:45 of 1st period - Melker Karlsson is hit by Tanner Glass and loses puck.
1:59 of 1st period - Icing by Shea Weber.
2:00 of 1st period - Carl Soderberg wins face-off versus Scott Laughton in Bruins zone.
2:18 of 1st period - Shot by Kevin Fiala.
2:18 of 1st period - Goal by Kevin Fiala - MapleLeafs : 1 - Bruins : 1.
2:19 of 1st period - Mikael Backlund wins face-off versus Leon Draisaitl in neutral zone.
3:08 of 1st period - Mikael Backlund is hit by Connor Brown and loses puck.
3:12 of 1st period - Icing by Brandon Montour.
3:13 of 1st period - Patrice Bergeron wins face-off versus Mikael Backlund in MapleLeafs zone.
3:23 of 1st period - Mikael Backlund is hit by Patrice Bergeron and loses puck.
3:24 of 1st period - Minor Penalty to Patrice Bergeron for Roughing.
3:25 of 1st period - Carl Soderberg wins face-off versus Milan Lucic in Bruins zone.
3:25 of 1st period - Carl Soderberg is hit by T.J. Oshie.
3:33 of 1st period - Shot by T.J. Oshie.
3:33 of 1st period - Shot Misses the Net.
3:49 of 1st period - Shot by T.J. Oshie.
3:49 of 1st period - Stopped by Charlie Lindgren with a rebound.
3:51 of 1st period - Shot by Karl Alzner.
3:51 of 1st period - Stopped by Charlie Lindgren with a rebound.
3:53 of 1st period - Shot by Karl Alzner.
3:53 of 1st period - Shot Misses the Net.
3:55 of 1st period - Shot by Karl Alzner.
3:55 of 1st period - Stopped by Charlie Lindgren without a rebound.
3:56 of 1st period - Tomas Plekanec wins face-off versus Nazem Kadri in Bruins zone.
4:18 of 1st period - Reilly Smith is hit by Jake Muzzin.
5:02 of 1st period - Shot by Milan Lucic.
5:02 of 1st period - Stopped by Charlie Lindgren without a rebound.
5:03 of 1st period - David Krejci wins face-off versus Carl Soderberg in Bruins zone.
5:15 of 1st period - Shot by Brent Seabrook.
5:15 of 1st period - Shot Blocked by Shea Weber.
5:36 of 1st period - Shot by Brendan Gallagher.
5:36 of 1st period - Stopped by Corey Crawford without a rebound.
5:37 of 1st period - Tomas Plekanec wins face-off versus Nazem Kadri in MapleLeafs zone.
5:50 of 1st period - Shot by Nazem Kadri.
5:50 of 1st period - Stopped by Charlie Lindgren with a rebound.
6:27 of 1st period - Icing by Zach Bogosian.
6:28 of 1st period - Patrice Bergeron wins face-off versus Mikael Backlund in MapleLeafs zone.
7:00 of 1st period - Shot by P.K. Subban.
7:00 of 1st period - Shot Misses the Net.
7:33 of 1st period - Karl Alzner is hit by Andrew Ladd and loses puck.
7:39 of 1st period - Minor Penalty to Brent Seabrook for Hooking.
7:40 of 1st period - Patrice Bergeron wins face-off versus T.J. Oshie in MapleLeafs zone.
7:43 of 1st period - Shot by Corey Perry.
7:43 of 1st period - Shot Blocked by Dmitry Kulikov.
7:45 of 1st period - Shot by Jake Muzzin.
7:45 of 1st period - Stopped by Corey Crawford without a rebound.
7:46 of 1st period - T.J. Oshie wins face-off versus Patrice Bergeron in MapleLeafs zone.
7:54 of 1st period - Icing by Corey Perry.
7:55 of 1st period - T.J. Oshie wins face-off versus Patrice Bergeron in Bruins zone.
9:27 of 1st period - David Krejci is hit by Corey Perry and loses puck.
9:32 of 1st period - Shot by Torey Krug.
9:32 of 1st period - Stopped by Corey Crawford without a rebound.
9:33 of 1st period - T.J. Oshie wins face-off versus Patrice Bergeron in MapleLeafs zone.
9:56 of 1st period - Reilly Smith is hit by Noah Hanifin and loses puck.
10:05 of 1st period - Shot by Nazem Kadri.
10:05 of 1st period - Stopped by Charlie Lindgren without a rebound.
10:06 of 1st period - Carl Soderberg wins face-off versus Mikael Backlund in Bruins zone.
11:52 of 1st period - Icing by Mikael Backlund.
11:53 of 1st period - Mikael Backlund wins face-off versus Tomas Plekanec in MapleLeafs zone.
11:53 of 1st period - Mikael Backlund is hit by Connor Brown.
12:15 of 1st period - Shot by Connor Brown.
12:15 of 1st period - Shot Blocked by Karl Alzner.
12:17 of 1st period - Shot by Shea Weber.
12:17 of 1st period - Shot Blocked by T.J. Oshie.
12:22 of 1st period - Icing by Karl Alzner.
12:23 of 1st period - Leon Draisaitl wins face-off versus David Krejci in MapleLeafs zone.
12:32 of 1st period - Shot by Andrew Ladd.
12:32 of 1st period - Shot Misses the Net.
13:14 of 1st period - Shot by Brendan Gallagher.
13:14 of 1st period - Stopped by Corey Crawford without a rebound.
13:15 of 1st period - Tomas Plekanec wins face-off versus Nazem Kadri in MapleLeafs zone.
13:16 of 1st period - Shot by Connor Brown.
13:16 of 1st period - Stopped by Corey Crawford without a rebound.
13:17 of 1st period - Nazem Kadri wins face-off versus Patrice Bergeron in MapleLeafs zone.
13:48 of 1st period - P.K. Subban is hit by Brandon Montour and loses puck.
14:11 of 1st period - Shot by T.J. Oshie.
14:11 of 1st period - Stopped by Charlie Lindgren without a rebound.
14:12 of 1st period - Leon Draisaitl wins face-off versus Scott Laughton in Bruins zone.
14:21 of 1st period - Shot by Andrew Ladd.
14:21 of 1st period - Stopped by Corey Crawford without a rebound.
14:22 of 1st period - Tomas Plekanec wins face-off versus David Krejci in MapleLeafs zone.
14:39 of 1st period - Shot by David Krejci.
14:39 of 1st period - Deflect By T.J. Oshie.
14:39 of 1st period - Stopped by Charlie Lindgren without a rebound.
14:39 of 1st period - Minor Penalty to Jake Muzzin for Holding.
14:40 of 1st period - Patrice Bergeron wins face-off versus Nazem Kadri in Bruins zone.
14:48 of 1st period - Off-side.
14:49 of 1st period - Leon Draisaitl wins face-off versus Nazem Kadri in neutral zone.
16:25 of 1st period - Off-side.
16:26 of 1st period - Corey Perry wins face-off versus David Krejci in neutral zone.
16:56 of 1st period - Shot by Carl Soderberg.
16:56 of 1st period - Shot Misses the Net.
17:08 of 1st period - Shot by Mikael Backlund.
17:08 of 1st period - Deflect By Marek Hrivik.
17:08 of 1st period - Shot Blocked by Jake Muzzin.
17:10 of 1st period - Shot by Brandon Montour.
17:10 of 1st period - Goal by Brandon Montour - MapleLeafs : 2 - Bruins : 1.
17:11 of 1st period - Tomas Plekanec wins face-off versus Nazem Kadri in neutral zone.
17:51 of 1st period - Shot by Tomas Plekanec.
17:51 of 1st period - Stopped by Corey Crawford without a rebound.
17:52 of 1st period - Leon Draisaitl wins face-off versus Milan Lucic in MapleLeafs zone.
18:08 of 1st period - Shot by Dmitry Kulikov.
18:08 of 1st period - Shot Blocked by Noah Hanifin.
18:10 of 1st period - Shot by Marc Methot.
18:10 of 1st period - Shot Misses the Net.
18:26 of 1st period - David Krejci is hit by Mark Streit and loses puck.
19:44 of 1st period - Shot by Nazem Kadri.
19:44 of 1st period - Deflect By Reilly Smith.
19:44 of 1st period - Shot Misses the Net.
19:46 of 1st period - Shot by Karl Alzner.
19:46 of 1st period - Shot Blocked by Tomas Plekanec.
19:48 of 1st period - Shot by Karl Alzner.
19:48 of 1st period - Shot Misses the Net.
Goals for this period are 2 for MapleLeafs vs 1 for Bruins.
Shots for this period are 11 for MapleLeafs vs 8 for Bruins.

2nd period


0:01 of 2nd period - Leon Draisaitl wins face-off versus David Krejci in neutral zone.
0:23 of 2nd period - Icing by Shea Weber.
0:24 of 2nd period - Leon Draisaitl wins face-off versus Nazem Kadri in Bruins zone.
0:24 of 2nd period - Shea Weber is hit by Nazem Kadri and loses puck.
0:48 of 2nd period - Shot by Leon Draisaitl.
0:48 of 2nd period - Deflect By Corey Perry.
0:48 of 2nd period - Stopped by Corey Crawford without a rebound.
0:49 of 2nd period - Patrice Bergeron wins face-off versus David Krejci in MapleLeafs zone.
1:06 of 2nd period - Shot by Brendan Gallagher.
1:06 of 2nd period - Shot Misses the Net.
1:08 of 2nd period - Shot by Brendan Gallagher.
1:08 of 2nd period - Shot Blocked by Brent Seabrook.
1:22 of 2nd period - Jake Muzzin is hit by T.J. Oshie and loses puck.
1:55 of 2nd period - Connor Brown is hit by Marc Methot and loses puck.
2:50 of 2nd period - Shot by Corey Perry.
2:50 of 2nd period - Stopped by Corey Crawford without a rebound.
2:51 of 2nd period - Adam Erne wins face-off versus Carl Soderberg in MapleLeafs zone.
3:04 of 2nd period - Shot by Scott Laughton.
3:04 of 2nd period - Stopped by Charlie Lindgren without a rebound.
3:05 of 2nd period - Mikael Backlund wins face-off versus Leon Draisaitl in Bruins zone.
3:15 of 2nd period - Minor Penalty to Jake Muzzin for Slashing.
3:16 of 2nd period - Patrice Bergeron wins face-off versus T.J. Oshie in Bruins zone.
3:33 of 2nd period - Shot by T.J. Oshie.
3:33 of 2nd period - Shot Misses the Net.
3:35 of 2nd period - Shot by David Krejci.
3:35 of 2nd period - Shot Blocked by Patrice Bergeron.
3:37 of 2nd period - Shot by Karl Alzner.
3:37 of 2nd period - Shot Misses the Net.
3:39 of 2nd period - Shot by David Krejci.
3:39 of 2nd period - Deflect By T.J. Oshie.
3:39 of 2nd period - Stopped by Charlie Lindgren with a rebound.
3:41 of 2nd period - Shot by Karl Alzner.
3:41 of 2nd period - Shot Misses the Net.
3:43 of 2nd period - Shot by Karl Alzner.
3:43 of 2nd period - Shot Blocked by Noah Hanifin.
4:18 of 2nd period - Beau Bennett is hit by Noah Hanifin.
4:43 of 2nd period - Icing by T.J. Oshie.
4:44 of 2nd period - David Krejci wins face-off versus Corey Perry in MapleLeafs zone.
4:49 of 2nd period - Brent Seabrook is hit by Corey Perry and loses puck.
5:18 of 2nd period - Shot by Marek Hrivik.
5:18 of 2nd period - Goal by Marek Hrivik - MapleLeafs : 3 - Bruins : 1.
5:19 of 2nd period - Carl Soderberg wins face-off versus Mikael Backlund in neutral zone.
6:36 of 2nd period - Marc Methot is hit by Tomas Plekanec and loses puck.
7:29 of 2nd period - Shot by Leon Draisaitl.
7:29 of 2nd period - Shot Misses the Net.
7:31 of 2nd period - Shot by Noah Hanifin.
7:31 of 2nd period - Shot Blocked by Karl Alzner.
7:37 of 2nd period - Shot by Leon Draisaitl.
7:37 of 2nd period - Stopped by Corey Crawford without a rebound.
7:38 of 2nd period - Brendan Gallagher wins face-off versus Mikael Backlund in MapleLeafs zone.
7:41 of 2nd period - Shot by Patrice Bergeron.
7:41 of 2nd period - Shot Misses the Net.
7:46 of 2nd period - Icing by Mikael Backlund.
7:47 of 2nd period - Patrice Bergeron wins face-off versus Mikael Backlund in MapleLeafs zone.
8:20 of 2nd period - Shot by Marek Hrivik.
8:20 of 2nd period - Shot Blocked by Patrice Bergeron.
8:54 of 2nd period - Shot by T.J. Oshie.
8:54 of 2nd period - Shot Misses the Net.
8:58 of 2nd period - Shot by T.J. Oshie.
8:58 of 2nd period - Shot Blocked by P.K. Subban.
9:09 of 2nd period - Minor Penalty to Adam Erne for Interference.
9:10 of 2nd period - T.J. Oshie wins face-off versus Andrew Ladd in MapleLeafs zone.
9:10 of 2nd period - T.J. Oshie is hit by Andrew Ladd.
9:51 of 2nd period - Icing by Shea Weber.
9:52 of 2nd period - Leon Draisaitl wins face-off versus T.J. Oshie in Bruins zone.
10:09 of 2nd period - Shot by P.K. Subban.
10:09 of 2nd period - Stopped by Corey Crawford without a rebound.
10:10 of 2nd period - Patrice Bergeron wins face-off versus T.J. Oshie in MapleLeafs zone.
11:33 of 2nd period - Shot by Marek Hrivik.
11:33 of 2nd period - Shot Misses the Net.
11:35 of 2nd period - Shot by Marek Hrivik.
11:35 of 2nd period - Shot Misses the Net.
11:37 of 2nd period - Shot by Brandon Montour.
11:37 of 2nd period - Stopped by Charlie Lindgren without a rebound.
11:38 of 2nd period - Nazem Kadri wins face-off versus Carl Soderberg in Bruins zone.
11:45 of 2nd period - Shot by Nazem Kadri.
11:45 of 2nd period - Stopped by Charlie Lindgren with a rebound.
11:47 of 2nd period - Shot by Reilly Smith.
11:47 of 2nd period - Stopped by Charlie Lindgren without a rebound.
11:48 of 2nd period - Carl Soderberg wins face-off versus Scott Laughton in Bruins zone.
12:07 of 2nd period - Shot by Karl Alzner.
12:07 of 2nd period - Stopped by Charlie Lindgren without a rebound.
12:08 of 2nd period - Nazem Kadri wins face-off versus Tomas Plekanec in Bruins zone.
12:08 of 2nd period - Reilly Smith is hit by Noah Hanifin.
12:51 of 2nd period - Icing by Zach Bogosian.
12:52 of 2nd period - Patrice Bergeron wins face-off versus Nazem Kadri in MapleLeafs zone.
13:11 of 2nd period - Shot by Patrice Bergeron.
13:11 of 2nd period - Shot Blocked by Zach Bogosian.
13:44 of 2nd period - Corey Perry is hit by Brent Seabrook and loses puck.
14:04 of 2nd period - Leon Draisaitl is hit by Brent Seabrook and loses puck.
15:08 of 2nd period - Noah Hanifin is hit by Milan Lucic and loses puck.
15:14 of 2nd period - Shot by Connor Brown.
15:14 of 2nd period - Stopped by Corey Crawford without a rebound.
15:15 of 2nd period - Mikael Backlund wins face-off versus Carl Soderberg in MapleLeafs zone.
15:33 of 2nd period - Shot by Marek Hrivik.
15:33 of 2nd period - Deflect By Mikael Backlund.
15:33 of 2nd period - Stopped by Charlie Lindgren without a rebound.
15:34 of 2nd period - Patrice Bergeron wins face-off versus Nazem Kadri in Bruins zone.
15:40 of 2nd period - Off-side.
15:41 of 2nd period - Ryan Spooner wins face-off versus Mikael Backlund in neutral zone.
16:13 of 2nd period - Shot by Ryan Spooner.
16:13 of 2nd period - Shot Misses the Net.
16:15 of 2nd period - Shot by Shea Weber.
16:15 of 2nd period - Shot Blocked by Zach Bogosian.
16:57 of 2nd period - Icing by Torey Krug.
16:58 of 2nd period - Nazem Kadri wins face-off versus Leon Draisaitl in Bruins zone.
17:18 of 2nd period - Shot by Andrew Ladd.
17:18 of 2nd period - Stopped by Corey Crawford without a rebound.
17:19 of 2nd period - T.J. Oshie wins face-off versus Tomas Plekanec in MapleLeafs zone.
18:02 of 2nd period - Tomas Plekanec is hit by Dmitry Kulikov and loses puck.
18:14 of 2nd period - Nazem Kadri is hit by Torey Krug.
18:17 of 2nd period - Minor Penalty to Andrew Ladd for Hooking.
18:18 of 2nd period - Patrice Bergeron wins face-off versus T.J. Oshie in Bruins zone.
18:18 of 2nd period - Patrice Bergeron is hit by Milan Lucic.
18:45 of 2nd period - Shot by T.J. Oshie.
18:45 of 2nd period - Stopped by Charlie Lindgren without a rebound.
18:46 of 2nd period - Patrice Bergeron wins face-off versus Nazem Kadri in Bruins zone.
18:54 of 2nd period - Off-side.
18:55 of 2nd period - Patrice Bergeron wins face-off versus Beau Bennett in neutral zone.
19:14 of 2nd period - Shot by Brent Seabrook.
19:14 of 2nd period - Stopped by Charlie Lindgren without a rebound.
19:15 of 2nd period - Patrice Bergeron wins face-off versus David Krejci in Bruins zone.
19:24 of 2nd period - Shot by David Krejci.
19:24 of 2nd period - Shot Misses the Net.
19:26 of 2nd period - Shot by Marc Methot.
19:26 of 2nd period - Stopped by Charlie Lindgren without a rebound.
19:27 of 2nd period - Patrice Bergeron wins face-off versus Nazem Kadri in Bruins zone.
Goals for this period are 1 for MapleLeafs vs 0 for Bruins.
Shots for this period are 11 for MapleLeafs vs 6 for Bruins.

3rd period


0:01 of 3rd period - Patrice Bergeron wins face-off versus David Krejci in neutral zone.
1:36 of 3rd period - Off-side.
1:37 of 3rd period - Patrice Bergeron wins face-off versus David Krejci in neutral zone.
2:16 of 3rd period - Shot by David Krejci.
2:16 of 3rd period - Stopped by Charlie Lindgren without a rebound.
2:17 of 3rd period - Leon Draisaitl wins face-off versus Marek Hrivik in Bruins zone.
2:19 of 3rd period - Icing by Corey Perry.
2:20 of 3rd period - Leon Draisaitl wins face-off versus Mikael Backlund in Bruins zone.
2:30 of 3rd period - Minor Penalty to Leon Draisaitl for Tripping.
2:31 of 3rd period - David Krejci wins face-off versus Patrice Bergeron in Bruins zone.
3:53 of 3rd period - Icing by Karl Alzner.
3:54 of 3rd period - David Krejci wins face-off versus Patrice Bergeron in MapleLeafs zone.
4:03 of 3rd period - Shot by Brent Seabrook.
4:03 of 3rd period - Shot Misses the Net.
4:40 of 3rd period - Icing by Noah Hanifin.
4:41 of 3rd period - Carl Soderberg wins face-off versus Mikael Backlund in Bruins zone.
4:41 of 3rd period - Carl Soderberg is hit by Tanner Glass.
4:52 of 3rd period - Noah Hanifin is hit by Zach Bogosian and loses puck.
5:01 of 3rd period - Shot by Noah Hanifin.
5:01 of 3rd period - Stopped by Corey Crawford without a rebound.
5:02 of 3rd period - Leon Draisaitl wins face-off versus Nazem Kadri in MapleLeafs zone.
6:00 of 3rd period - Jake Muzzin is hit by T.J. Oshie and loses puck.
6:30 of 3rd period - Icing by Shea Weber.
6:31 of 3rd period - Patrice Bergeron wins face-off versus Mikael Backlund in Bruins zone.
6:36 of 3rd period - Shot by Mikael Backlund.
6:36 of 3rd period - Stopped by Charlie Lindgren without a rebound.
6:37 of 3rd period - Tomas Plekanec wins face-off versus Mikael Backlund in Bruins zone.
7:46 of 3rd period - Shot by Patrice Bergeron.
7:46 of 3rd period - Shot Hit the Post.
7:48 of 3rd period - Shot by Patrice Bergeron.
7:48 of 3rd period - Stopped by Corey Crawford without a rebound.
7:49 of 3rd period - Carl Soderberg wins face-off versus David Krejci in MapleLeafs zone.
8:57 of 3rd period - Icing by Dmitry Kulikov.
8:58 of 3rd period - Mikael Backlund wins face-off versus Patrice Bergeron in MapleLeafs zone.
9:05 of 3rd period - Brendan Gallagher is hit by Tanner Glass and loses puck.
9:10 of 3rd period - Shot by Marek Hrivik.
9:10 of 3rd period - Shot Misses the Net.
9:12 of 3rd period - Shot by Dmitry Kulikov.
9:12 of 3rd period - Shot Misses the Net.
9:14 of 3rd period - Shot by Marc Methot.
9:14 of 3rd period - Stopped by Charlie Lindgren with a rebound.
9:40 of 3rd period - Reilly Smith is hit by Patrice Bergeron.
9:58 of 3rd period - Off-side.
9:59 of 3rd period - David Krejci wins face-off versus Leon Draisaitl in neutral zone.
10:01 of 3rd period - Minor Penalty to Jake Muzzin for Interference.
10:02 of 3rd period - David Krejci wins face-off versus Patrice Bergeron in Bruins zone.
10:13 of 3rd period - Shot by T.J. Oshie.
10:13 of 3rd period - Stopped by Charlie Lindgren without a rebound.
10:14 of 3rd period - Corey Perry wins face-off versus Nazem Kadri in Bruins zone.
10:45 of 3rd period - Shot by Karl Alzner.
10:45 of 3rd period - Stopped by Charlie Lindgren without a rebound.
10:46 of 3rd period - Patrice Bergeron wins face-off versus David Krejci in Bruins zone.
11:01 of 3rd period - Off-side.
11:02 of 3rd period - David Krejci wins face-off versus Corey Perry in neutral zone.
11:11 of 3rd period - Shot by David Krejci.
11:11 of 3rd period - Stopped by Charlie Lindgren without a rebound.
11:12 of 3rd period - Nazem Kadri wins face-off versus Patrice Bergeron in Bruins zone.
11:17 of 3rd period - Shot by Marc Methot.
11:17 of 3rd period - Shot Blocked by P.K. Subban.
11:19 of 3rd period - Shot by Beau Bennett.
11:19 of 3rd period - Goal by Beau Bennett - MapleLeafs : 4 - Bruins : 1.
11:20 of 3rd period - David Krejci wins face-off versus Leon Draisaitl in neutral zone.
11:50 of 3rd period - Shot by Corey Perry.
11:50 of 3rd period - Shot Misses the Net.
11:52 of 3rd period - Shot by P.K. Subban.
11:52 of 3rd period - Stopped by Corey Crawford without a rebound.
11:53 of 3rd period - Patrice Bergeron wins face-off versus Nazem Kadri in MapleLeafs zone.
12:03 of 3rd period - Minor Penalty to Patrice Bergeron for Hooking.
12:04 of 3rd period - Carl Soderberg wins face-off versus Nazem Kadri in Bruins zone.
12:33 of 3rd period - Shot by Karl Alzner.
12:33 of 3rd period - Shot Blocked by P.K. Subban.
12:35 of 3rd period - Shot by Beau Bennett.
12:35 of 3rd period - Stopped by Charlie Lindgren with a rebound.
13:11 of 3rd period - Shot by Tomas Plekanec.
13:11 of 3rd period - Shot Misses the Net.
13:45 of 3rd period - Shot by Reilly Smith.
13:45 of 3rd period - Stopped by Charlie Lindgren without a rebound.
13:46 of 3rd period - Carl Soderberg wins face-off versus David Krejci in Bruins zone.
14:16 of 3rd period - Ryan Spooner is hit by Zach Bogosian and loses puck.
14:49 of 3rd period - Icing by Brendan Gallagher.
14:50 of 3rd period - Patrice Bergeron wins face-off versus Nazem Kadri in Bruins zone.
15:05 of 3rd period - Shot by Nazem Kadri.
15:05 of 3rd period - Stopped by Charlie Lindgren without a rebound.
15:06 of 3rd period - Connor Brown wins face-off versus David Krejci in Bruins zone.
15:29 of 3rd period - Shot by David Krejci.
15:29 of 3rd period - Stopped by Charlie Lindgren with a rebound.
15:37 of 3rd period - Shot by P.K. Subban.
15:37 of 3rd period - Shot Blocked by Dmitry Kulikov.
15:39 of 3rd period - Shot by Connor Brown.
15:39 of 3rd period - Shot Misses the Net.
15:55 of 3rd period - Off-side.
15:56 of 3rd period - Nazem Kadri wins face-off versus Andrew Ladd in neutral zone.
16:10 of 3rd period - Shot by Reilly Smith.
16:10 of 3rd period - Shot Misses the Net.
16:29 of 3rd period - Shot by Beau Bennett.
16:29 of 3rd period - Stopped by Charlie Lindgren without a rebound.
16:30 of 3rd period - Mikael Backlund wins face-off versus Patrice Bergeron in Bruins zone.
16:39 of 3rd period - Shot by Brandon Montour.
16:39 of 3rd period - Stopped by Charlie Lindgren without a rebound.
16:40 of 3rd period - Mikael Backlund wins face-off versus Carl Soderberg in Bruins zone.
16:41 of 3rd period - Shot by Tanner Glass.
16:41 of 3rd period - Shot Blocked by Shea Weber.
16:45 of 3rd period - Shot by Marek Hrivik.
16:45 of 3rd period - Shot Blocked by P.K. Subban.
17:00 of 3rd period - Shot by Kevin Fiala.
17:00 of 3rd period - Stopped by Corey Crawford without a rebound.
17:01 of 3rd period - Leon Draisaitl wins face-off versus David Krejci in MapleLeafs zone.
17:16 of 3rd period - Shot by David Krejci.
17:16 of 3rd period - Shot Misses the Net.
17:50 of 3rd period - Jake Muzzin is hit by Nazem Kadri and loses puck.
18:08 of 3rd period - Off-side.
18:09 of 3rd period - Mikael Backlund wins face-off versus Patrice Bergeron in neutral zone.
18:26 of 3rd period - Icing by P.K. Subban.
18:27 of 3rd period - Patrice Bergeron wins face-off versus Nazem Kadri in Bruins zone.
18:42 of 3rd period - Icing by Patrice Bergeron.
18:43 of 3rd period - Patrice Bergeron wins face-off versus David Krejci in Bruins zone.
18:52 of 3rd period - David Krejci is hit by Ryan Spooner and loses puck.
18:57 of 3rd period - Shot by Patrice Bergeron.
18:57 of 3rd period - Stopped by Corey Crawford with a rebound.
18:59 of 3rd period - Shot by Patrice Bergeron.
18:59 of 3rd period - Shot Misses the Net.
19:17 of 3rd period - Shot by T.J. Oshie.
19:17 of 3rd period - Deflect By Milan Lucic.
19:17 of 3rd period - Stopped by Charlie Lindgren with a rebound.
19:30 of 3rd period - Jake Guentzel is hit by Karl Alzner and loses puck.
Goals for this period are 1 for MapleLeafs vs 0 for Bruins.
Shots for this period are 14 for MapleLeafs vs 5 for Bruins.